← All builds
Beach sea / Cortex / Economy first / OBSERVED BUILD

Standard beach sea

The role's usual play: com goes to sea to build a shipyard around 2 minutes, pumping frigates and destroyers to contest enemy sea entry or hold vision, with an advanced metal extractor around 10 minutes as the transition into the team's…

Usually shipyard first (94%)

#naval #eco · 729 distinct matches · 102 players · 84% of Cortex Beach sea games · team won 55% of 789 · Recently observed

HOW TO PLAY IT

Key timing: Shipyard by 1:57

  1. Open 3 mex and wind while com heads straight to sea.
  2. Drop Shipyard fast, before 2:00, to seize early sea presence.
  3. Push "frigate" out to contest enemy sea entry or hold vision.
  4. Add "destroyer" as the fleet grows.
  5. Transition into Advanced Metal Extractor to catch up on eco.

Phase by phase

TYPICAL OF ITS 729 GAMES
  1. 1
  2. 2
  3. 3
PLAY THE OPENING

Follow the example game's first 6:00 step by step: what to build now, what comes next, and where it goes. At 1× it keeps pace with your own game.

  1. 1

    Up to the Shipyard

    Economy
    • Metal Extractor3Mex
    • Wind Turbine3Windfor allies
    • Wind Turbine2Wind
    • Energy Storage1Energy storage
    Order
    1. ShipyardShipyard after 3 mex, 2 wind, 1 energy storagedone ~1:57, middle half 1:45–2:08

    By 1:41 in all: 3 mex · 2 wind · 1 energy storage

    The example game in this phase · 8 steps
    1. Mex ×3
    2. Solar
    3. Wind
    4. Wind ×2for Air
    5. Energy storage
    6. GuardGuard
    7. Windfor Air
    8. ShipyardShipyarddone 2:11 · typical 1:57
  2. 2

    Shipyard to 5:00

    Economy
    • Metal Extractor5Mex
    • Tidal Generator1Tidal
    Builders
    • Construction Ship2 Con ship
    Army
    • Riptide2 Frigate
    • Herring1 Missile corvette
    • Oppressor1 Destroyer
    Other
    • Naval Radar / Sonar Tower1 Naval Radar / Sonar Tower

    Some games also: Urchin (42%) · wind (41%) · submarine (40%) · con turret (35%) · gunboat (34%)

    By 5:00 in all: 8 mex · 3 wind · 2 tidal · 1 energy storage

    The example game in this phase · 23 steps
    1. Construction ShipCon ship ×2
    2. HerringMissile corvette
    3. Wind
    4. SupporterGunboat
    5. Mex
    6. Wind
    7. Mex
    8. SupporterGunboat
    9. Wind
    10. SupporterGunboat
    11. RiptideFrigatedone 3:38 · typical 3:51
    12. Mex
    13. OrcaSubmarinedone 4:12
    14. Mexfor unknown
    15. Mex
    16. UrchinUrchinfor unknown
    17. RiptideFrigate
    18. Con turret
    19. Construction ShipCon ship
    20. Naval Radar / Sonar TowerNaval Radar / Sonar Tower
    21. Mex
    22. GuardGuard
    23. UrchinUrchin
  3. 3

    5:00 to 10:00

    Economy
    • Metal Extractor1Mex
    • Wind Turbine10Wind
    Builders
    • Death Cavalry1 Death Cavalry
    • Construction Ship1 Con ship
    Army
    • Riptide5 Frigate
    • Oppressor2 Destroyer
    • Herring2 Missile corvette
    Other
    • Naval Radar / Sonar Tower1 Naval Radar / Sonar Tower

    Some games also: Urchin (50%) · Naval Construction Turret (47%) · Guard (47%) · Radar Tower (41%) · tidal (38%)

    By 10:00 in all: 9 mex · 12 wind · 4 wind · 4 tidal · 1 energy storage · 1 Naval Construction Turret

    The example game in this phase · 84 steps
    1. Mex
    2. RiptideFrigate
    3. Naval Radar / Sonar TowerNaval Radar / Sonar Tower
    4. UrchinUrchin
    5. Wind
    6. UrchinUrchin
    7. OppressorDestroyernot finished by 15:00 · typical 5:09
    8. OrcaSubmarine
    9. Wind
    10. ThistleThistle
    11. Wind
    12. UrchinUrchin
    13. Wind
    14. UrchinUrchin
    15. OrcaSubmarine
    16. Wind
    17. UrchinUrchin
    18. Wind
    19. UrchinUrchin
    20. OrcaSubmarine
    21. Wind ×2
    22. UrchinUrchin
    23. OppressorDestroyer
    24. Naval Radar / Sonar TowerNaval Radar / Sonar Tower
    25. Wind
    26. UrchinUrchin ×2
    27. GuardGuard
    28. Wind
    29. GuardGuard
    30. UrchinUrchin
    31. Converter
    32. GuardGuard
    33. Naval Radar / Sonar TowerNaval Radar / Sonar Tower
    34. Converter
    35. Mex
    36. Death CavalryDeath Cavalry
    37. Converter
    38. HerringMissile corvette
    39. Converter
    40. Advanced Metal ExtractorT2 mexdone 11:46 · typical 9:57
    41. RiptideFrigate
    42. Wind
    43. RiptideFrigate
    44. SupporterGunboat
    45. Wind
    46. SupporterGunboat
    47. Wind
    48. SupporterGunboat
    49. Mex
    50. Wind
    51. SupporterGunboat ×2
    52. Con turret
    53. SupporterGunboat
    54. RiptideFrigate
    55. OppressorDestroyer
    56. Mex
    57. Naval Construction Turret
    58. Con turret
    59. Tidal ×4
    60. HerringMissile corvette
    61. Tidal
    62. Death CavalryDeath Cavalry
    63. UrchinUrchin
    64. Radar TowerRadar Tower
    65. OppressorDestroyer
    66. ThistleThistle
    67. Con turret
    68. Tidal
    69. Wind
    70. Tidal
    71. Wind
    72. Tidal
    73. Wind
    74. Con turret
    75. Tidal
    76. Wind ×3
    77. Advanced Metal ExtractorT2 mex
    78. Wind ×2
    79. OppressorDestroyer
    80. Wind
    81. Advanced Metal ExtractorT2 mex
    82. RiptideFrigate
    83. Wind
    84. OrcaSubmarine

Counts are medians over the build's games: half of them build more, half fewer. The example game is Godmother13's (38 OS, 22/09/2026); pick another.

Team trades

IN AT LEAST 30% OF ITS GAMES

You hand over

  • Wind Turbine3 Wind to Airfirst at 1:54 · in 79% of games

You get

  • Finch1 Finch from Airfirst at 1:58 · in 81% of games
  • Lazarus1 Lazarus from Geofirst at 2:14 · in 62% of games
  • Hephaestus1 Heavy transport from Airfirst at 2:16 · in 68% of games
  • Construction Bot1 Con bot from Geofirst at 2:29 · in 69% of games
  • Hercules1 Light transport from Airfirst at 2:35 · in 31% of games
  • Advanced Construction Bot1 T2 con bot from Techfirst at 8:09 · in 88% of games

How it plays out

Typical game of this build, running totals by minute

Metal produced

010k20k30k
0:005:0010:0015:00

metal

Enemy metal destroyed

05k10k
0:005:0010:0015:00

metal

Own metal lost

02.5k5k7.5k
0:005:0010:0015:00

metal

789 games.

Show as table
ByMetal produced: This buildEnemy metal destroyed: This buildOwn metal lost: This build
1:0040300
2:0093700
3:00156300
4:002522050
5:003699194100
6:005026532250
7:0064731100588
8:00808018571041
9:00968328851621
10:001160240232345
11:001382252273090
12:001635262003851
13:001911172574621
14:002186583045721
15:002487692656531
WHAT THE NUMBERS SAY

Standard Beach sea wins more than Geo sea's 50% and gets its Shipyard up faster, using early sea access before falling behind on land resources.

  • + Shipyard finishes by 1:57, faster than Geo sea's 3:18
  • + 54% team win rate beats the Cortex geo sea baseline
  • − Metal produced trails Geo sea's Cortex build, 24356 vs 28451 by 15:00
  • − T2 factory only lands in 35% of games by 12:42
THE EXAMPLE YOU ARE READING

Godmother13

37.6 OS · 22/09/2026

Open source match ↗

6 received units · includes a constructor
389 metal received · 16885 energy received

Allied construction assistance is unknown. Timings are observations, not a promise of solo reproducibility.

Typical milestones

Shipyard1:57Middle 50%: 1:45–2:08 · n=787
Riptide3:51Middle 50%: 3:15–4:31 · n=782
Oppressor5:09Middle 50%: 4:11–6:07 · n=764
Advanced Metal Extractor9:57Middle 50%: 9:15–10:53 · n=667

Played most by

EpicTyrannus68games of this buildDamsko64games of this buildWaboum64games of this buildPRO_HYDRA54games of this buildMrCoolPotato51games of this build